 Dungeon Crawl Stone Soup version 0.26.1-2-gb8aa6d0cf2 (webtiles) character file.

Game seed: 2599647941744713844

1322693 nightchill the Cryomancer (level 27, 186/186 HPs)
             Began as a Gargoyle Ice Elementalist on Mar 10, 2021.
             Was an Initiate of Gozag.
             Escaped with the Orb
             ... and 3 runes on Mar 11, 2021!
             The game lasted 07:16:56 (116872 turns).

nightchill the Cryomancer (GrIE)                  Turns: 116872, Time: 07:16:57

Health: 186/186    AC: 36    Str: 10    XL:     27
Magic:  36/43      EV: 15    Int: 27    God:    Gozag
Gold:   3037       SH: 17    Dex: 10    Spells: 29/58 levels left

rFire    + + .     SeeInvis +   w - staff of cold
rCold    + + .     Faith    .   f - +5 kite shield {AC+3} {maybe}
rNeg     + + .     Spirit   .   o - +3 leather armour {rF+}
rPois    ∞         Reflect  .   D - +2 hat {Will+}
rElec    +         Harm     .   I - scarf {rC+ rF+}
rCorr    .         Rampage  .   M - +0 pair of gloves of the Harvest {rPois rN+ Will+} (curse)
Will     ++++.                  B - +2 pair of boots {run}
Stlth    +.........             r - amulet of the acrobat
HPRegen  0.41/turn              U - ring of wizardry
MPRegen  0.28/turn              p - ring of wizardry

@: gold aura, flying, quick
A: big wings, see invisible, deformed body, deterioration 1, negative energy
resistance 1, electricity resistance, weak 2, unbreathing, evolution 1,
petrification resistance, miasma immunity, AC +20
0: Orb of Zot
}: 3/15 runes: decaying, serpentine, slimy
a: Stop Flying, Renounce Religion, Potion Petition, Call Merchant, Bribe Branch


You escaped.
You worshipped Gozag.
Gozag was most pleased with you.
You visited 11 branches of the dungeon, and saw 54 of its levels.
You visited 1 bazaar.
You also visited: Trove, Sewer, Bailey and Ice Cave.

You collected 29147 gold pieces.
You spent 10203 gold pieces at shops.
You paid 15907 gold pieces to Gozag.

Inventory:

Hand Weapons
 a - a +9 demon whip of electrocution
 b - a +9 morningstar of holy wrath
 d - a +1 morningstar of flaming
Armour
 f - a +5 kite shield of protection (worn) {maybe}
 l - a +2 robe of the Archmagi
 o - a +3 leather armour of fire resistance (worn)
 B - a +2 pair of boots of running (worn)
 D - a +2 hat of willpower (worn)
 I - a scarf of resistance (worn)
 M - the cursed +0 pair of gloves of the Harvest (worn) {rPois rN+ Will+}
   (You found it on level 3 of the Realm of Zot)

   It protects you from poison.
   It protects you from negative energy.
   It affects your willpower, your defense against some magical effects.
   It has a curse placed upon it.
Magical Staves
 w - an uncursed staff of cold (weapon)
Jewellery
 k - an uncursed ring of resist corrosion
 p - a ring of wizardry (right hand)
 r - an amulet of the acrobat (around neck)
 H - an uncursed ring of magical power
 K - an uncursed ring of protection from cold
 R - an uncursed ring of willpower
 U - a ring of wizardry (left hand)
Wands
 i - a wand of acid (34)
 A - a wand of iceblast (41)
 C - a wand of disintegration (55)
 E - a wand of enslavement (13)
 F - a wand of digging (16)
 J - a wand of paralysis (19)
Scrolls
 e - a scroll of enchant armour
 g - 8 scrolls of fear
 h - 3 scrolls of vulnerability
 j - 20 scrolls of teleportation
 m - 29 scrolls of remove curse
 n - 2 scrolls of enchant weapon
 y - 2 scrolls of silence
 z - 13 scrolls of fog
 O - 5 scrolls of blinking
 Q - 11 scrolls of identify
 T - 4 scrolls of magic mapping
 V - a scroll of immolation
 W - 5 scrolls of torment
 X - 10 scrolls of summoning
Potions
 c - 4 potions of invisibility
 q - 6 potions of cancellation
 s - 38 potions of curing
 t - 16 potions of brilliance
 u - 5 potions of lignification
 v - 21 potions of heal wounds
 x - 16 potions of haste
 P - 13 potions of might
 S - 5 potions of ambrosia
 Y - 7 potions of resistance
 Z - 5 potions of magic
Miscellaneous
 G - a phantom mirror
 L - a condenser vane
 N - a box of beasts


   Skills:
 + Level 22.9 Fighting
 - Level 16.0 Maces & Flails
 - Level 11.4 Armour
 - Level 9.1 Dodging
 - Level 2.1 Stealth
 - Level 15.0 Shields
 + Level 16.4 Spellcasting
 - Level 3.0 Translocations
 * Level 26.2 Ice Magic


You had 29 spell levels left.
You knew the following spells:

 Your Spells              Type           Power        Failure   Level
a - Freeze                Ice            100%         0%          1
b - Frozen Ramparts       Ice            100%         0%          3
c - Ozocubu's Armour      Ice            100%         0%          3
d - Blink                 Tloc           N/A          1%          2
e - Ozocubu's Refrigerat  Ice            64%          0%          6
f - Passage of Golubria   Tloc           N/A          2%          4
g - Apportation           Tloc           76%          1%          1
G - Absolute Zero         Ice            64%          1%          9

Your spell library contained the following spells:

 Spells                   Type           Power        Failure   Level
 Ensorcelled Hibernation  Hex/Ice        100%         0%          2
 Animate Skeleton         Necr           44%          1%          1
 Beastly Appendage        Tmut           44%          1%          1
 Corona                   Hex            24%          1%          1
 Foxfire                  Conj/Fire      88%          1%          1
 Magic Dart               Conj           88%          1%          1
 Pain                     Necr           88%          1%          1
 Sandblast                Erth           44%          1%          1
 Shock                    Conj/Air       88%          1%          1
 Sting                    Tmut/Pois      88%          1%          1
 Summon Small Mammal      Summ           88%          1%          1
 Call Imp                 Summ           22%          1%          2
 Corpse Rot               Necr/Air       N/A          1%          2
 Passwall                 Tmut/Erth      18%          1%          2
 Poisonous Vapours        Pois/Air       44%          1%          2
 Searing Ray              Conj           44%          1%          2
 Slow                     Hex            22%          1%          2
 Swiftness                Air            22%          1%          2
 Wereblood                Tmut           22%          1%          2
 Gell's Gravitas          Tloc           19%          1%          3
 Lesser Beckoning         Tloc           19%          1%          3
 Portal Projectile        Hex/Tloc       60%          1%          3
 Teleport Other           Tloc           38%          1%          3
 Hailstorm                Conj/Ice       96%          1%          4
 Ice Form                 Ice/Tmut       96%          1%          4
 Summon Ice Beast         Ice/Summ       96%          1%          4
 Metabolic Englaciation   Hex/Ice        48%          1%          5
 Simulacrum               Ice/Necr       48%          1%          6
 Call Canine Familiar     Summ           22%          2%          3
 Confusing Touch          Hex            22%          2%          3
 Conjure Flame            Conj/Fire      22%          2%          3
 Dazzling Flash           Conj/Hex       44%          2%          3
 Ignite Poison            Fire/Tmut/Pois 22%          2%          3
 Inner Flame              Hex/Fire       22%          2%          3
 Mephitic Cloud           Conj/Pois/Air  22%          2%          3
 Spider Form              Tmut/Pois      11%          2%          3
 Static Discharge         Conj/Air       22%          2%          3
 Stone Arrow              Conj/Erth      44%          2%          3
 Summon Guardian Golem    Hex/Summ       22%          2%          3
 Tukima's Dance           Hex            22%          2%          3
 Vampiric Draining        Necr           11%          2%          3
 Freezing Cloud           Conj/Ice/Air   40%          3%          6
 Iskenderun's Mystic Bla  Conj/Tloc      30%          4%          4
 Airstrike                Air            11%          7%          4
 Animate Dead             Necr           11%          7%          4
 Cause Fear               Hex            11%          7%          4
 Dispel Undead            Necr           22%          7%          4
 Fulminant Prism          Conj/Hex       11%          7%          4
 Leda's Liquefaction      Hex/Erth       11%          7%          4
 Olgreb's Toxic Radiance  Pois           22%          7%          4
 Petrify                  Tmut/Erth      22%          7%          4
 Sticky Flame             Conj/Fire      22%          7%          4
 Summon Lightning Spire   Summ/Air       22%          7%          4
 Agony                    Necr           22%          19%         5
 Alistair's Intoxication  Tmut/Pois      14%          19%         5
 Blade Hands              Tmut           11%          19%         5
 Bolt of Magma            Conj/Fire/Erth 11%          19%         5
 Borgnjor's Vile Clutch   Necr/Erth      11%          19%         5
 Excruciating Wounds      Necr           11%          19%         5
 Fireball                 Conj/Fire      11%          19%         5
 Iskenderun's Battlesphe  Conj           22%          19%         5
 Lee's Rapid Deconstruct  Erth           11%          19%         5
 Lightning Bolt           Conj/Air       11%          19%         5
 Silence                  Hex/Air        11%          19%         5
 Yara's Violent Unravell  Hex/Tmut       11%          19%         5
 Conjure Ball Lightning   Conj/Air       11%          67%         6
 Invisibility             Hex            22%          67%         6
 Iron Shot                Conj/Erth      11%          67%         6
 Shadow Creatures         Summ           N/A          67%         6
 Starburst                Conj/Fire      11%          67%         6
 Dragon Form              Tmut           11%          99%         7
 Orb of Destruction       Conj           11%          99%         7
 Spellforged Servitor     Conj/Summ      11%          99%         7
 Chain Lightning          Conj/Air       11%          100%        8
 Discord                  Hex            11%          100%        8
 Ignition                 Fire           11%          100%        8
 Lehudib's Crystal Spear  Conj/Erth      11%          100%        8
 Dragon's Call            Summ           11%          100%        9
 Fire Storm               Conj/Fire      11%          100%        9
 Shatter                  Erth           11%          100%        9
 Tornado                  Air            11%          100%        9
 Sublimation of Blood     Necr           Unusable     N/A         2

Dungeon Overview and Level Annotations

Branches:
Dungeon (15/15)            Temple (1/1) D:5            Lair (6/6) D:8
  Swamp (4/4) Lair:2        Snake (4/4) Lair:2        Slime (5/5) Lair:6
    Orc (2/2) D:11            Elf (3/3) Orc:2        Vaults (4/5) D:14
  Crypt (0/3) Vaults:2     Depths (5/5) D:15            Zot (5/5) Depths:5
  Sewer (visited)          Bailey (visited)           IceCv (visited)

Altars:
Ashenzari
Dithmenos
Elyvilon
Gozag
Kikubaaqudgha
Makhleb
Nemelex Xobeh
Okawaru
Qazlal
Sif Muna
Trog
Vehumet
Wu Jian
Xom
Yredelemnul
Zin
Jiyva

Shops:
D:6 *   D:7 !   D:8 [   D:13 =   D:15 [![[[!=   Orc:2 =:(}   Elf:2 *[(*
Snake:1 *   Snake:2 [=}=   Vaults:3 =   Depths:4 [(   Depths:5 !?=!

Portals:
Hell: Depths:1 Depths:2 Depths:3 Depths:4 Depths:5
Abyss: Depths:3 Depths:4
Pandemonium: Depths:3
Ziggurat: Depths:5

Annotations:
D:3 Terence
D:4 exclusion: downstairs
D:6 !menak, Menkaure
D:7 exclusion: 3 upstairs
D:8 1 runed translucent door, 1 exclusion, Amaterasu's ghost, novice DsCK
D:12 exclusion: 3 upstairs, Jorgrun
D:14 exclusion: downstairs
D:15 !ugly
Lair:1 2 transporters, exclusion: downstairs, kthxbai's ghost, novice OpIE
Lair:3 exclusion: downstairs
Lair:5 exclusion: downstairs
Swamp:1 1 runed translucent door, 1 exclusion, Jacimip's ghost, journeyman HaHu
Swamp:2 exclusions: 2 downstairs and 1 more exclusion
Swamp:4 ! careful
Snake:2 exclusion: downstairs
Snake:4 !slow
Slime:1 2 exclusions
Elf:2 5 runed translucent doors, rnawigator's ghost, adept GrEE
Vaults:1 3 runed translucent doors, exclusions: 3 doors and orange crystal statue, Marixus's ghost, adept HOFi
Vaults:2 3 runed translucent doors, exclusion: door
Vaults:3 exclusion: downstairs
Vaults:4 ! oww, 1 exclusion
Depths:2 1 transporter, exclusions: 3 upstairs and 7 more exclusions
Depths:4 exclusion: downstairs
Depths:5 exclusion: upstairs
Zot:1 exclusion: 2 downstairs
Zot:2 exclusion: upstairs
Zot:3 exclusions: 3 downstairs, 3 upstairs and 1 more exclusion
Zot:5 exclusion: upstairs


Innate Abilities, Weirdness & Mutations

You are resistant to torment.
Your stone body is resilient. (AC +20)
You are immune to poison.
Your large and strong wings let you fly indefinitely.
You resist negative energy. (rN+)
You are resistant to electric shocks. (rElec)
You can survive without breathing.
You are immune to petrification.
You are immune to miasma.
You have supernaturally acute eyesight. (SInv)
Armour fits poorly on your strangely shaped body.
Your body sometimes deteriorates upon taking damage.
You are very weak. (Str -4)
You evolve.


Message History

There is a stone staircase leading up here.
You fly upwards.
There is a stone staircase leading down here.
There is a stone staircase leading down here.
An Orb Guardian comes into view.
The Orb Guardian moves out of view.
Casting: Absolute Zero (dangerous; 1% risk of failure)
Confirm with . or Enter, or press ? or * to list all spells.
Casting: Absolute Zero (dangerous; 1% risk of failure)
Press: ? - help, Dir - look around, f - activate You feel a surge of power!
You chill the Orb Guardian to absolute zero!
The Orb Guardian shatters and turns to gold!
You kill the Orb Guardian!
Saving game... please wait.
Welcome back, nightchill the Gargoyle Ice Elementalist.
Gozag says: Greed is good.
Press ? for a list of commands and other information.
There is a staircase leading out of the dungeon here.
You have escaped!

###.......##.....#
##.P....♣.P##.....#####
##...........###.####...
##....♣.P♣....♣##.# #...
#.P..P..........#.####...
#PP....P.P...♣♣......##.#
#.P..P.....P..P.#..#.##.#
#♣...........P..##.#.##.#
####...P...@...P♣..##[.....#
######..................##.#.####
.......##....P.....P..PP...#.#
.#####.##...P..P.P..P........#
.##.........P......♣..♣1...###
....##...#.♣.........♣.#...#
.##.##.#.......P...♣..##...# #
.##......##..♣.♣...♣.###...# ####
.........##.......#### #...# #...


You could see an Executioner (wandering).

Vanquished Creatures
  the Royal Jelly (Slime:5)
  Tiamat (Zot:3)
  An ancient lich (Depths:3)
  2 orbs of fire
  A pandemonium lord (Zot:5)
  2 Killer Klowns (Zot:5)
  Saint Roka (Depths:3)
  Bai Suzhen (Depths:3)
  3 caustic shrikes (Depths:3)
  3 curse toes
  12 golden dragons
  3 bone dragons (Zot:3)
  2 Tzitzimimeh (Depths:4)
  An electric golem (Zot:5)
  17 tentacled monstrosities
  7 Orb Guardians
  A lich (Depths:3)
  2 deep elf master archers (Elf:3)
  5 quicksilver dragons
  4 deep elf blademasters (Elf:3)
  15 acid blobs
  An Executioner (Zot:5)
  Gastronok (Lair:1)
  An ancient champion (Vaults:2)
  2 sphinxes
  8 death cobs
  2 tengu reavers
  11 shadow dragons
  A thorn hunter (Swamp:3)
  7 azure jellies
  11 storm dragons
  6 nagarajas (Snake:4)
  2 draconian monks
  7 deep elf sorcerers (Elf:3)
  7 fire giants
  4 draconian knights
  2 draconian scorchers (Zot:2)
  11 frost giants
  Aizul (Snake:3)
  3 orc warlords
  6 vault wardens
  6 deep elf elementalists (Elf:3)
  A balrug (Depths:1)
  2 spriggan defenders (Depths:5)
  A juggernaut zombie (Depths:3)
  12 very ugly things
  3 draconian annihilators
  4 draconian shifters
  10 ironheart preservers
  5 black draconians
  5 stone giants
  A corrupter (Depths:3)
  5 green draconians
  8 deep elf demonologists
  2 vampire knights
  An entropy weaver (shapeshifter) (Depths:5)
  A yellow draconian (Depths:5)
  3 purple draconians
  2 entropy weavers (Depths:3)
  A dire elephant (D:15)
  6 white draconians
  10 deep elf annihilators
  7 red draconians
  3 bunyips (Swamp:3)
  2 eidola (Vaults:1)
  8 ettins
  Snorg (D:11)
  6 yaktaur captains
  5 deep elf death magi (Elf:3)
  6 eleionomae
  15 death oozes (Slime:5)
  18 fire dragons
  A shambling mangrove (Swamp:1)
  10 deep elf high priests
  13 great orbs of eyes
  6 rakshasas
  11 ice dragons
  3 ghost crabs
  3 boulder beetles
  19 hydras
  2 vault guards (Vaults:4)
  10 naga warriors
  3 spriggan air magi
  A merfolk avatar (Lair:6)
  Erica (D:8)
  8 deep troll shamans
  19 centaur warriors
  37 two-headed ogres
  3 death knights
  4 tengu warriors
  9 anacondas
  4 death yaks (IceCv)
  8 deep troll earth magi
  7 alligators
  A vampire mage (Depths:3)
  8 naga sharpshooters
  7 shock serpents
  Urug (Orc:2)
  2 spriggan berserkers
  4 orc high priests (Orc:2)
  14 ogre magi
  A shock serpent (shapeshifter) (Depths:4)
  9 hell knights
  A soul eater (Depths:2)
  15 deep elf knights
  2 sun demons (Depths:1)
  A fire crab (shapeshifter) (Depths:1)
  A sea snake (Lair:6)
  2 salamander mystics
  10 skeletal warriors
  2 unseen horrors
  9 goliath frogs
  An unseen horror (shapeshifter) (Vaults:2)
  2 flayed ghosts (Depths:3)
  A spark wasp zombie (Depths:3)
  10 swamp dragons
  24 deep trolls
  8 spriggan druids
  12 bog bodies
  3 glowing orange brains
  7 ironbrand convokers
  7 naga ritualists
  2 spectral hydras
  2 phantasmal warriors
  3 necromancers
  8 wizards
  A harpy (shapeshifter) (Vaults:4)
  An oklob plant (Swamp:4)
  16 deep elf archers
  2 orb spiders (shapeshifter)
  15 orc knights
  5 harpies
  26 ugly things
  5 mana vipers
  A wolf spider (Vaults:1)
  6 orc sorcerers
  61 deep elf magi
  7 cyclopes
  3 will-o-the-wisps (Swamp:2)
  2 salamanders (shapeshifter) (Depths:3)
  4 manticores
  10 shining eyes
  21 salamanders
  16 moths of wrath
  A guardian serpent (shapeshifter) (Depths:3)
  20 elephants
  A guardian serpent (Snake:4)
  2 eyes of devastation
  5 vault sentinels
  15 naga magi
  A titan simulacrum (Depths:1)
  23 cane toads
  A water nymph (shapeshifter) (Depths:3)
  44 black mambas
  A smoke demon (Depths:5)
  A kobold demonologist (D:11)
  7 freezing wraiths
  Maggie (D:6)
  2 swamp worm zombies (Swamp:4)
  42 yaktaurs
  2 yaktaur zombies (Depths:1)
  8 komodo dragons
  A komodo dragon (shapeshifter) (Depths:2)
  2 demonic crawlers (Elf:3)
  7 rime drakes
  7 hellwings
  2 red devils (Depths:5)
  2 tengu conjurers
  4 bloated husks
  A jumping spider (shapeshifter) (D:15)
  8 trolls
  15 polar bears
  2 efreet (D:15)
  3 hydra zombies (Swamp:4)
  2 polar bears (shapeshifter)
  11 tyrant leeches
  A wind drake (shapeshifter) (Vaults:3)
  16 hornets
  3 alligator zombies (Swamp:4)
  4 spectral swamp dragons (Swamp:4)
  20 blink frogs
  93 slime creatures
  An ice dragon zombie (Depths:1)
  A raiju (shapeshifter) (Depths:2)
  A stone giant simulacrum (Vaults:2)
  2 air elementals (Elf:1)
  A shadow (D:10)
  A spriggan (shapeshifter) (Depths:2)
  16 spriggans
  A vampire (D:13)
  3 tarantellas (shapeshifter)
  A wyvern (shapeshifter) (Vaults:3)
  A fire bat (shapeshifter) (D:10)
  2 wraiths
  27 yaks
  5 wyverns
  7 basilisks
  3 fire bats (Lair:5)
  A steam dragon (Lair:2)
  3 fire elementals
  Edmund (D:5)
  51 nagas
  15 vampire mosquitoes
  8 acid dragons
  2 wargs
  11 swamp worms
  9 water moccasins
  3 hell hounds (Depths:5)
  A tengu skeleton (Depths:1)
  2 ice beasts
  36 orc warriors
  3 swamp drakes (Swamp:3)
  Duvessa (D:5)
  A hornet zombie (D:5)
  3 sky beasts
  4 black bears
  A boulder beetle simulacrum (Vaults:2)
  An eye of draining (shapeshifter) (Depths:2)
  7 eyes of draining
  4 swamp dragon zombies (Swamp:4)
  18 boggarts
  4 phantoms
  2 necrophages
  36 ogres
  22 wolves
  38 centaurs
  3 big kobolds
  28 bullfrogs
  2 earth elementals
  2 wyvern skeletons
  2 scorpions
  Dowan (D:5)
  11 killer bees
  4 howler monkeys
  16 wights
  2 electric eels (Lair:2)
  5 crimson imps
  2 bullfrog zombies
  A human simulacrum (Vaults:1)
  5 hounds
  5 jellies
  23 orc priests
  4 centaur skeletons
  2 iguanas (D:10)
  5 bullfrog skeletons
  28 orc wizards
  A spectral swamp drake (Swamp:4)
  10 worker ants
  A hound zombie (D:10)
  2 hound skeletons
  3 worker ant zombies
  Robin (D:2)
  14 gnolls
  A swamp drake zombie (Swamp:4)
  7 adders
  3 white imps
  A worker ant simulacrum (D:11)
  5 ufetubi
  An ooze (Sewer)
  2 adder skeletons
  A worm (shapeshifter) (Depths:3)
  5 worms
  5 dart slugs
  4 leopard geckos
  68 orcs
  4 ball pythons
  20 bats
  7 giant cockroaches
  17 goblins
  19 hobgoblins
  12 jackals
  37 kobolds
  4 quokkas
  5 frilled lizards
  A jackal zombie (D:5)
  7 rats
  A bush (D:9)
2065 creatures vanquished.

Vanquished Creatures (collateral kills)
  4 Orb Guardians (Zot:5)
  A quicksilver dragon (Zot:5)
  A neqoxec (Zot:5)
  3 jackals (D:11)
9 creatures vanquished.

Vanquished Creatures (others)
  2 ancient liches (Zot:5)
  A curse toe (Zot:5)
  6 Killer Klowns (Zot:5)
  A pandemonium lord (Zot:5)
  Asterion (Vaults:3)
  13 Orb Guardians (Zot:5)
  A storm dragon (Zot:5)
  2 draconian scorchers (Zot:5)
  A draconian stormcaller (Zot:5)
  A very ugly thing (Vaults:2)
  A draconian annihilator (Zot:5)
  3 green draconians (Zot:5)
  A white draconian (Zot:5)
  A black draconian (Zot:5)
  A purple draconian (Zot:5)
  A red draconian (Zot:5)
  An eleionoma (Swamp:2)
  15 dancing weapons
  2 large abominations (Zot:5)
  A deep elf mage (Orc:2)
  7 bloated husks
  A ynoxinul (Zot:5)
  3 phantoms (Swamp:4)
  A crimson imp (Zot:5)
  4 foxfires (Swamp:2)
  39 fungi
  75 plants
  2 withered plants (D:8)
188 creatures vanquished.

Grand Total: 2262 creatures vanquished

Notes
Turn   | Place    | Note
-------+----------+-------------------------------------------
     0 | D:1      | nightchill the Gargoyle Ice Elementalist began the quest
                  | for the Orb.
     0 | D:1      | Reached XP level 1. HP: 10/10 MP: 3/3
   209 | D:1      | Reached XP level 2. HP: 16/16 MP: 5/5
   523 | D:1      | Reached skill level 1 in Fighting
   664 | D:1      | Reached XP level 3. HP: 20/20 MP: 6/6
   671 | D:1      | Learned a level 3 spell: Frozen Ramparts
  1376 | D:2      | Noticed Robin
  1392 | D:2      | Killed Robin
  1393 | D:2      | Reached skill level 1 in Maces & Flails
  1393 | D:2      | Reached XP level 4. HP: 19/25 MP: 0/7
  2246 | D:2      | Learned a level 3 spell: Ozocubu's Armour
  2667 | D:3      | Reached skill level 5 in Ice Magic
  2667 | D:3      | Reached XP level 5. HP: 25/30 MP: 5/9
  3064 | D:3      | Noticed Terence
  3494 | D:4      | Reached XP level 6. HP: 19/36 MP: 3/10
  3661 | D:4      | Found an ancient bone altar of Kikubaaqudgha.
  4067 | D:4      | Got a fine leather armour
  4116 | D:4      | Found a sparkling altar of Nemelex Xobeh.
  4151 | D:5      | Entered Level 5 of the Dungeon
  4158 | D:5      | Reached skill level 6 in Ice Magic
  4158 | D:5      | Reached XP level 7. HP: 13/41 MP: 1/11
  4159 | D:5      | Noticed Edmund
  4437 | D:5      | Found a glowing drain.
  4460 | Sewer    | Entered a sewer
  5063 | D:5      | Noticed Dowan
  5092 | D:5      | HP: 1/41 [orc wizard/magic dart (3)]
  5509 | D:5      | Killed Dowan
  5606 | D:5      | Reached skill level 5 in Maces & Flails
  5606 | D:5      | Reached XP level 8. HP: 48/48 MP: 2/12
  5831 | D:5      | Noticed Duvessa
  5842 | D:5      | HP: 2/48 [Duvessa/+1 rapier of holy wrath (11)]
  5844 | D:5      | Found a staircase to the Ecumenical Temple.
  5853 | Temple   | Entered the Ecumenical Temple
  6369 | Temple   | Became a worshipper of Gozag Ym Sagoz the Greedy
  6449 | D:5      | Killed Duvessa
  6541 | D:5      | Killed Edmund
  6542 | D:5      | Reached skill level 5 in Fighting
  6549 | D:5      | Identified the cursed +0 leather armour of Gravitas {-Cast
                  | rF+ Str+3} (You found it on level 4 of the Dungeon)
  7464 | D:6      | Noticed Maggie
  7513 | D:6      | Killed Maggie
  7514 | D:6      | Reached skill level 7 in Ice Magic
  7514 | D:6      | Reached XP level 9. HP: 55/55 MP: 9/13
  7548 | D:6      | Found Yqufo's Assorted Antiques.
  7655 | D:6      | Found a shadowy altar of Dithmenos.
  7856 | D:6      | Found a glowing silver altar of Zin.
  7856 | D:6      | Noticed Menkaure
  8054 | D:6      | Found a shimmering altar of Xom.
  8055 | D:6      | Found a basalt altar of Yredelemnul.
  8067 | D:6      | Found a burning altar of Makhleb.
  8755 | D:7      | Found Sawkuseq's Distillery.
  8999 | D:7      | Noticed a six-headed hydra
  9006 | D:7      | Killed a six-headed hydra
  9007 | D:7      | Reached skill level 8 in Ice Magic
  9199 | D:7      | Reached XP level 10. HP: 51/63 MP: 7/14
  9506 | D:7      | Got a heavily runed zirconium amulet
  9897 | D:7      | Reached skill level 10 in Maces & Flails
  9998 | D:7      | Identified the amulet "Laeckun" {Inacc rElec rC+ Str+4
                  | Int+6} (You found it on level 7 of the Dungeon)
 10075 | D:7      | Bought a potion of heal wounds for 65 gold pieces
 10075 | D:7      | Bought a potion of heal wounds for 65 gold pieces
 10091 | D:8      | Found a shimmering blue altar of Sif Muna.
 10305 | D:8      | Found a staircase to the Lair.
 10428 | D:8      | Noticed Erica
 10437 | D:8      | Killed Erica
 10672 | D:8      | Found Muist's Antique Armour Emporium.
 10732 | D:8      | Bought an embroidered scarf for 192 gold pieces
 10740 | D:8      | Noticed an elephant
 10754 | D:8      | Killed an elephant
 10896 | D:8      | Found a runed translucent door.
 10897 | D:8      | Noticed Amaterasu's ghost (novice DsCK)
 11912 | D:9      | Noticed a cyclops
 11922 | D:9      | Killed a cyclops
 11923 | D:9      | Reached XP level 11. HP: 71/71 MP: 9/15
 12642 | D:10     | Entered Level 10 of the Dungeon
 13640 | D:10     | Reached skill level 10 in Fighting
 14309 | Lair:1   | Entered Level 1 of the Lair of Beasts
 14322 | Lair:1   | Found a transporter.
 14322 | Lair:1   | Noticed kthxbai's ghost (novice OpIE)
 14323 | Lair:1   | Found a transporter.
 15072 | Lair:1   | Noticed Gastronok
 15269 | Lair:1   | Killed Gastronok
 15897 | Lair:2   | Reached XP level 12. HP: 65/80 MP: 13/16
 16039 | Lair:2   | Found a staircase to the Snake Pit.
 16292 | Lair:2   | Found a staircase to the Swamp.
 16719 | Lair:1   | Reached skill level 1 in Armour
 17422 | Lair:2   | Noticed a five-headed hydra
 17445 | Lair:2   | Killed a five-headed hydra
 17772 | Lair:2   | Noticed a six-headed hydra
 17794 | Lair:2   | Killed a six-headed hydra
 18992 | Lair:4   | Reached skill level 5 in Armour
 19291 | Lair:4   | Reached XP level 13. HP: 81/85 MP: 11/17
 19300 | Lair:4   | Reached skill level 5 in Dodging
 19300 | Lair:4   | Reached skill level 9 in Ice Magic
 22158 | D:11     | Identified Sif Muna's Handbook of the Arsonist and
                  | Lightness
 22187 | D:11     | Learned a level 2 spell: Blink
 22334 | D:11     | Noticed Snorg
 22366 | D:11     | Killed Snorg
 22367 | D:11     | Reached skill level 1 in Translocations
 22860 | D:11     | Found a staircase to the Orcish Mines.
 23098 | Orc:1    | Entered Level 1 of the Orcish Mines
 23454 | Orc:2    | Entered Level 2 of the Orcish Mines
 23766 | Orc:2    | Found a staircase to the Elven Halls.
 24375 | Orc:2    | Noticed Urug
 24391 | Orc:2    | Killed Urug
 24557 | Orc:2    | Identified the +6 chain mail "Cippem" {rN++ Dex+4}
 24670 | Orc:2    | Noticed an orc warlord
 24998 | Orc:2    | Killed an orc warlord
 24999 | Orc:2    | Gained mutation: Your large and strong wings let you fly
                  | indefinitely. [Gargoyle growth]
 24999 | Orc:2    | Reached XP level 14. HP: 92/92 MP: 15/18
 25379 | Orc:2    | Noticed an orc warlord
 25443 | Orc:2    | Killed an orc warlord
 25556 | Orc:2    | Paralysed by an orc sorcerer for 2 turns
 25560 | Orc:2    | Reached skill level 10 in Ice Magic
 25886 | Orc:2    | Found Wycir's Gadget Boutique.
 26317 | Orc:2    | Found Cihutoux's Book Emporium.
 26324 | Orc:2    | Found Roanlef's Jewellery Emporium.
 26326 | Orc:2    | Found Tyach's Weapon Boutique.
 26535 | Orc:2    | Bought a phantom mirror for 600 gold pieces
 26537 | Orc:2    | Bought a book of Ice for 1040 gold pieces
 26544 | Orc:2    | Learned a level 6 spell: Ozocubu's Refrigeration
 26552 | Orc:2    | Bought an uncursed ring of willpower for 425 gold pieces
 26890 | Lair:6   | Entered Level 6 of the Lair of Beasts
 27005 | Lair:6   | Reached skill level 10 in Armour
 27940 | Lair:6   | Reached skill level 11 in Ice Magic
 28217 | Lair:6   | Found a staircase to the Slime Pits.
 28366 | Lair:6   | Reached XP level 15. HP: 88/99 MP: 16/21
 30160 | D:12     | Found a frozen archway.
 30165 | IceCv    | Entered an ice cave
 30505 | IceCv    | Reached skill level 5 in Spellcasting
 30597 | IceCv    | Reached skill level 12 in Ice Magic
 31002 | IceCv    | Noticed a frost giant
 31039 | IceCv    | Killed a frost giant
 31562 | D:12     | Noticed Jorgrun
 31746 | D:12     | Found the +8 whip "Snakebite" {curare, rPois}
 32246 | D:12     | Identified the +5 robe of Ciwieror {Harm Int+3} (You found
                  | it on level 12 of the Dungeon)
 32601 | D:13     | Found Jolat's Jewellery Emporium.
 32621 | D:13     | Reached skill level 1 in Shields
 33387 | D:14     | Found a gate to the Vaults.
 33691 | D:14     | Found a flagged portal.
 33727 | Bailey   | Entered a bailey
 34138 | Bailey   | Identified a scroll of acquirement
 34340 | D:14     | Acquired an uncursed staff of cold
 35054 | D:15     | Entered Level 15 of the Dungeon
 36131 | D:14     | Reached skill level 13 in Ice Magic
 36572 | Swamp:1  | Entered Level 1 of the Swamp
 36575 | Swamp:1  | Reached XP level 16. HP: 106/106 MP: 12/25
 38821 | Swamp:1  | Found a runed translucent door.
 38827 | Swamp:1  | Noticed Jacimip's ghost (journeyman HaHu)
 39395 | Swamp:2  | Reached skill level 14 in Ice Magic
 40837 | Swamp:3  | Reached skill level 15 in Fighting
 41774 | Swamp:3  | Reached XP level 17. HP: 113/113 MP: 21/29
 42359 | Swamp:3  | Reached skill level 15 in Ice Magic
 43480 | Snake:1  | Entered Level 1 of the Snake Pit
 44029 | Snake:1  | Found Vurie's Assorted Antiques.
 44040 | Snake:1  | Bought a scroll of brand weapon for 680 gold pieces
 44040 | Snake:1  | Bought a scroll of teleportation for 102 gold pieces
 44040 | Snake:1  | Bought a potion of heal wounds for 170 gold pieces
 44540 | Snake:1  | Identified the +2 leather armour of Hangman {Regen+ Int+4
                  | Dex-3} (You found it on level 1 of the Snake Pit)
 45134 | Snake:1  | Learned a level 4 spell: Passage of Golubria
 46124 | Snake:2  | Found Ifaumask's Armour Shoppe.
 46324 | Snake:2  | Found a burning altar of Makhleb.
 46612 | Snake:2  | Found Ezuut's Jewellery Boutique.
 46613 | Snake:2  | Found Zengod's Gadget Emporium.
 46614 | Snake:2  | Found Doroun's Jewellery Boutique.
 46622 | Snake:2  | Bought a condenser vane for 640 gold pieces
 47189 | Snake:3  | Reached skill level 16 in Ice Magic
 47581 | Snake:3  | Noticed Aizul
 47585 | Snake:3  | Killed Aizul
 49392 | D:15     | Reached XP level 18. HP: 103/120 MP: 24/30
 50318 | D:15     | Found a staircase to the Depths.
 50926 | Swamp:4  | Entered Level 4 of the Swamp
 51906 | Swamp:4  | Reached skill level 15 in Maces & Flails
 52213 | Swamp:4  | Reached skill level 17 in Ice Magic
 53072 | D:6      | Bought a scroll of teleportation for 87 gold pieces
 53072 | D:6      | Bought a scroll of blinking for 217 gold pieces
 53303 | Snake:4  | Entered Level 4 of the Snake Pit
 56926 | Snake:4  | Got a serpentine rune of Zot
 57527 | Elf:1    | Entered Level 1 of the Elven Halls
 57594 | Elf:1    | Reached XP level 19. HP: 128/128 MP: 14/31
 57771 | Elf:1    | Reached skill level 18 in Ice Magic
 58184 | Elf:1    | Found a portal to a secret trove of treasure.
 59464 | Elf:1    | Identified Naapsy's Papyrus of Confrontation
 60069 | Elf:2    | Found Sugged's Armour Shop.
 60120 | Elf:2    | Found Bacif's Assorted Antiques.
 60192 | Elf:2    | Found a flickering gateway to a bazaar.
 60205 | Bazaar   | Entered a bazaar
 60205 | Bazaar   | Found Ifogexuch's General Store.
 60205 | Bazaar   | Found Muim's Magic Scroll Emporium.
 60206 | Bazaar   | Found Vuehef's Magic Scroll Shoppe.
 60206 | Bazaar   | Found Ygoick's Book Emporium.
 60231 | Bazaar   | Bought a scroll of fog for 18 gold pieces
 60231 | Bazaar   | Bought 2 scrolls of fog for 36 gold pieces
 60231 | Bazaar   | Bought a scroll of blinking for 67 gold pieces
 60231 | Bazaar   | Bought a scroll of acquirement for 468 gold pieces
 60231 | Bazaar   | Bought a scroll of enchant weapon for 67 gold pieces
 60231 | Bazaar   | Bought a scroll of teleportation for 27 gold pieces
 60231 | Bazaar   | Bought a scroll of enchant armour for 67 gold pieces
 60235 | Bazaar   | Bought a scroll of summoning for 123 gold pieces
 60235 | Bazaar   | Bought a scroll of teleportation for 39 gold pieces
 60235 | Bazaar   | Bought a scroll of fear for 45 gold pieces
 60235 | Bazaar   | Bought a scroll of fog for 26 gold pieces
 60241 | Bazaar   | Bought a scroll of vulnerability for 120 gold pieces
 60241 | Bazaar   | Bought a scroll of vulnerability for 120 gold pieces
 60241 | Bazaar   | Bought a scroll of teleportation for 48 gold pieces
 60241 | Bazaar   | Bought a scroll of immolation for 56 gold pieces
 60266 | Bazaar   | Bought a scroll of noise for 9 gold pieces
 60266 | Bazaar   | Bought a scroll of immolation for 31 gold pieces
 60415 | Elf:2    | Acquired a book of Annihilations
 60492 | Elf:2    | Found Weylurea's Weapon Emporium.
 60960 | Elf:2    | Found Icastroif's General Store.
 60966 | Elf:2    | Bought a potion of haste for 190 gold pieces
 60966 | Elf:2    | Bought a potion of heal wounds for 95 gold pieces
 60985 | Elf:2    | Found a large runed translucent door.
 60985 | Elf:2    | Found a large runed translucent door.
 60986 | Elf:2    | Noticed rnawigator's ghost (adept GrEE)
 61196 | Elf:2    | Found a runed translucent gate.
 61196 | Elf:2    | Found a runed translucent gate.
 61196 | Elf:2    | Found a runed translucent gate.
 61251 | Elf:2    | Bought a scroll of teleportation for 105 gold pieces
 61251 | Elf:2    | Bought a scroll of magic mapping for 122 gold pieces
 61251 | Elf:2    | Bought a scroll of enchant armour for 262 gold pieces
 61251 | Elf:2    | Bought a scroll of teleportation for 105 gold pieces
 61653 | Elf:1    | You paid a toll of +5 ice dragon scales to enter a treasure
                  | trove
 61654 | Trove    | Entered a treasure trove
 61657 | Trove    | Found the +9 staff of Olgreb {rPois∞}
 61664 | Trove    | Got a faintly glowing great mace
 61674 | Trove    | Got an ancient war axe
 61692 | Trove    | Identified the +8 great mace of Keuggacw {vorpal, rF+ rN+}
                  | (You found it in a treasure trove)
 61717 | Elf:1    | Identified the +5 war axe of Tybaklan {speed, rPois Stlth+}
                  | (You found it in a treasure trove)
 62587 | Swamp:4  | Noticed a bone dragon
 63002 | Swamp:4  | Got a decaying rune of Zot
 63519 | Vaults:1 | Entered Level 1 of the Vaults
 65459 | Vaults:1 | Reached skill level 19 in Ice Magic
 66356 | Vaults:1 | Found a runed translucent gate.
 66356 | Vaults:1 | Found a runed translucent gate.
 66356 | Vaults:1 | Found a runed translucent gate.
 66358 | Vaults:1 | Noticed Marixus's ghost (adept HOFi)
 66361 | Vaults:1 | Found an iron altar of Okawaru.
 66383 | Vaults:1 | Reached XP level 20. HP: 136/136 MP: 30/33
 67236 | Vaults:2 | Found a staircase to the Crypt.
 68421 | Vaults:2 | Found a runed translucent gate.
 68421 | Vaults:2 | Found a runed translucent gate.
 68422 | Vaults:2 | Found a runed translucent gate.
 68457 | Vaults:2 | Reached skill level 5 in Shields
 70550 | Vaults:2 | Reached skill level 10 in Spellcasting
 71469 | Vaults:3 | Noticed Asterion
 71486 | Vaults:3 | Killed Asterion
 73033 | Vaults:3 | Reached skill level 20 in Ice Magic
 73369 | Vaults:3 | Found an ancient bone altar of Kikubaaqudgha.
 73653 | Vaults:3 | Reached XP level 21. HP: 142/142 MP: 26/35
 74561 | Vaults:3 | Found Suoduh's Jewellery Boutique.
 76414 | Vaults:3 | Learned a level 9 spell: Absolute Zero
 76835 | Snake:2  | Bought an uncursed ring of wizardry for 450 gold pieces
 77149 | D:15     | Bought a potion of heal wounds for 70 gold pieces
 77149 | D:15     | Bought a potion of resistance for 140 gold pieces
 77149 | D:15     | Bought a potion of heal wounds for 70 gold pieces
 77149 | D:15     | Bought 2 potions of haste for 280 gold pieces
 77151 | D:15     | Bought a +1 hat of willpower for 304 gold pieces
 77163 | D:15     | Bought the +0 pair of gloves of the Lair of Beasts {rN+}
                  | for 298 gold pieces
 77164 | D:15     | Bought a potion of might for 56 gold pieces
 77164 | D:15     | Bought a potion of heal wounds for 70 gold pieces
 77947 | Depths:1 | Entered Level 1 of the Depths
 78527 | Depths:1 | Acquired 690 gold pieces
 78559 | Depths:1 | Learned a level 1 spell: Apportation
 80691 | Elf:3    | Entered Level 3 of the Elven Halls
 81677 | Elf:3    | Reached skill level 21 in Ice Magic
 82031 | Elf:3    | Identified the amulet of Departure {Regen+ Dex+3}
 82120 | Elf:3    | Reached XP level 22. HP: 150/150 MP: 33/37
 82120 | Elf:3    | Identified the +1 spear "Newtslayer" {vorpal, Will+ MP-9
                  | Str+2 Int+5}
 82758 | Elf:3    | Reached skill level 10 in Shields
 83888 | Elf:3    | Identified the +9 short sword "Ecoip" {antimagic, rPois
                  | Str+3 Int+6}
 84248 | Elf:3    | Identified the Volume of the Virous Blaze
 84551 | Elf:3    | Acquired 892 gold pieces
 85310 | D:15     | Bought a +0 pair of boots of running for 504 gold pieces
 86306 | Depths:1 | Found a gateway to Hell.
 87616 | Depths:2 | Reached skill level 22 in Ice Magic
 87988 | Depths:2 | Found a transporter.
 88634 | Depths:2 | Noticed a juggernaut
 88783 | Depths:3 | Reached XP level 23. HP: 150/156 MP: 20/39
 89528 | Depths:3 | Found a one-way gate leading to the halls of Pandemonium.
 89681 | Depths:3 | Noticed Bai Suzhen
 89737 | Depths:3 | Noticed Saint Roka
 90120 | Depths:3 | Killed Saint Roka
 90493 | Depths:3 | Noticed a caustic shrike
 90739 | Depths:3 | Killed a caustic shrike
 91009 | Depths:3 | Noticed a caustic shrike
 91132 | Depths:3 | Killed a caustic shrike
 91253 | Depths:3 | Killed Bai Suzhen
 91859 | Depths:3 | Identified the cursed +0 dire flail "Tuipaferph" {vorpal,
                  | Int+2} (You found it on level 3 of the Depths)
 91890 | Depths:3 | Noticed a caustic shrike
 91914 | Depths:3 | Killed a caustic shrike
 92188 | Depths:3 | Found a one-way gate to the infinite horrors of the Abyss.
 92714 | Depths:3 | Noticed an ancient lich
 92716 | Depths:3 | Killed an ancient lich
 93017 | Depths:3 | Reached skill level 23 in Ice Magic
 93965 | Depths:3 | Identified the cursed +0 fustibalus "Faovedd" {vorpal, +Inv
                  | rN+ Str-5} (You found it on level 3 of the Depths)
 94282 | Depths:4 | Reached XP level 24. HP: 164/164 MP: 25/40
 94819 | Depths:4 | Identified Yceocver's Guide on Torrid Execration
 95428 | Depths:4 | Found Qynwolit's Jewellery Shop.
 95428 | Depths:4 | Found Asifem's Antique Weapon Boutique.
 95497 | Depths:4 | Found Xeitani's Armour Boutique.
 95499 | Depths:4 | Found Areec's Armour Shop.
 96028 | Depths:5 | Entered Level 5 of the Depths
 96160 | Depths:5 | Found Umpijac's Distillery.
 96180 | Depths:5 | Found Ruphydag's Magic Scroll Shoppe.
 96200 | Depths:5 | Bought a scroll of magic mapping for 66 gold pieces
 96200 | Depths:5 | Bought a scroll of magic mapping for 66 gold pieces
 96200 | Depths:5 | Bought 2 scrolls of summoning for 361 gold pieces
 96200 | Depths:5 | Bought a scroll of fog for 38 gold pieces
 96514 | Depths:5 | Found a gateway to a ziggurat.
 98072 | Depths:5 | Found a gate to the Realm of Zot.
 98307 | Depths:5 | Found Uco Omol's Jewellery Shop.
 98311 | Depths:5 | Found Eckych's Distillery.
 98321 | Depths:5 | Bought a potion of might for 48 gold pieces
 98321 | Depths:5 | Bought a potion of heal wounds for 60 gold pieces
 98321 | Depths:5 | Bought a potion of haste for 120 gold pieces
 98321 | Depths:5 | Bought a potion of invisibility for 96 gold pieces
 98321 | Depths:5 | Bought a potion of heal wounds for 60 gold pieces
 99201 | Snake:1  | Bought a scroll of torment for 255 gold pieces
 99600 | Depths:5 | Bought a scroll of torment for 142 gold pieces
100054 | Slime:1  | Entered Level 1 of the Pits of Slime
100308 | Slime:3  | Gained mutation: You evolve. [a shining eye]
100991 | Slime:4  | Gained mutation: Your body sometimes deteriorates upon
                  | taking damage. [a shining eye]
101069 | Slime:5  | Entered Level 5 of the Pits of Slime
101161 | Slime:4  | Gained mutation: You have supernaturally acute eyesight.
                  | (SInv) [evolution]
102013 | Slime:5  | Reached skill level 24 in Ice Magic
102668 | Slime:5  | Reached XP level 25. HP: 128/171 MP: 10/41
102914 | Slime:5  | Found a viscous altar of Jiyva.
103182 | Slime:5  | Noticed the Royal Jelly
103187 | Slime:5  | Killed the Royal Jelly
104342 | Slime:5  | Gained mutation: Armour fits poorly on your strangely
                  | shaped body. [a shining eye]
104630 | Slime:5  | Got a slimy rune of Zot
104676 | Slime:5  | Identified the +1 scale mail "Zireoqyd" {Harm Int+2} (You
                  | found it on level 5 of the Pits of Slime)
104702 | Slime:5  | Identified the Handbook of Attacks and Calling
105199 | D:15     | Bought a potion of heal wounds for 120 gold pieces
105828 | Zot:1    | Entered Level 1 of the Realm of Zot
107810 | Zot:1    | Reached skill level 15 in Spellcasting
108566 | Zot:2    | Noticed an orb of fire
108574 | Zot:2    | Killed an orb of fire
108594 | Zot:2    | Gained mutation: You are weak. (Str -2) [evolution]
109150 | Zot:2    | Reached skill level 25 in Ice Magic
109150 | Zot:2    | Reached XP level 26. HP: 179/179 MP: 33/42
110831 | Zot:3    | Found the +4 dragonskin cloak
110831 | Zot:3    | Noticed Tiamat
111133 | Zot:3    | Killed Tiamat
111545 | Zot:3    | Identified the Handbook of Confrontation
111733 | Zot:3    | Identified the Compendium of the Dusty Arsonist
111770 | Zot:3    | Identified the cursed +0 pair of gloves of the Harvest
                  | {rPois rN+ Will+} (You found it on level 3 of the Realm of
                  | Zot)
113131 | Zot:4    | Reached skill level 15 in Shields
114133 | Zot:5    | Entered Level 5 of the Realm of Zot
114151 | Zot:5    | Noticed an orb of fire
114153 | Zot:5    | Killed an orb of fire
115804 | Zot:5    | Noticed an ancient lich
115890 | Zot:5    | Reached XP level 27. HP: 186/186 MP: 11/43
115930 | Zot:5    | Reached skill level 26 in Ice Magic
116159 | Zot:5    | Noticed an orb of fire
116349 | Zot:5    | Noticed an ancient lich
116353 | Zot:5    | Noticed an orb of fire
116368 | Zot:5    | Killed an ancient lich
116387 | Zot:5    | Got the Orb of Zot
116409 | Zot:5    | Noticed Zueworoq the pandemonium lord
116411 | Zot:5    | Gained mutation: You are very weak. (Str -4) [a neqoxec]
116413 | Zot:5    | Killed Zueworoq the pandemonium lord
116420 | Zot:5    | Killed Hued the pandemonium lord
116573 | Depths:5 | Noticed Lidetih the pandemonium lord
116872 | D:$      | Escaped with the Orb!

Illustrated notes

Levels and vault maps discovered:
D:1:      wander_arrival_fairy_ring, layout_loops_cross
D:2:      layout_loops_corners, uniq_robin
D:3:      layout_rooms, uniq_terence
D:4:      layout_gridville, lemuel_doored_altar, nemelex_diamond_rough_becter
D:5:      layout_basic, minmay_temple_entry_mist, portal_sewer_entry_d,
          minmay_bent, uniq_edmund, uniq_duvessa
D:6:      layout_loops_ring, nicolae_overflow_quartered_altars,
          kennysheep_mini_moat, serial_shops, nicolae_shop_stone, uniq_menkaure,
          uniq_maggie
D:7:      layout_loops_ring, serial_shops, shop
D:8:      layout_basic, lemuel_crystal_altar, david_lair_generic,
          gammafunk_ghost_grave, serial_shops, shop_fountains, uniq_erica
D:9:      layout_stronghold, roderic_serpentine_path, kb_lookout_dungeons_type,
          chequers_decorated_corner
D:10:     layout_basic
D:11:     minmay_ambush_box, layout_cave_pools, orc_0_dummy, fountainhead,
          uniq_snorg
D:12:     layout_gridville, portal_ice_cave_entry_pillars_1, uniq_jorgrun
D:13:     layout_basic, serial_shops, nicolae_shop_trees
D:14:     layout_roguey, erik_vaults_1, enter_bailey_3
D:15:     hangedman_depths_entry_try_elsewhere_first, layout_irregular_city
Temple:   regret_index_temple_generic_petals
Lair:1:   layout_roguey, gammafunk_ghost_hive, uniq_gastronok
Lair:2:   layout_gridlike, skrybe_swamp_entry_bodies,
          minmay_snake_entry_guardpost_medium, lemuel_fruit_tree,
          serial_bayou_shore_a
Lair:3:   layout_roguey, bh_autumn_forest_stairs, grunt_megastairs_2
Lair:4:   layout_small_grid, grunt_megastairs_1
Lair:5:   layout_gridlike, minivault_27, lookout_lair_type
Lair:6:   gammafunk_lair_ancient_temple, layout_small_grid,
          minmay_slime_entry_pillars, hibernation_bobbens
Swamp:1:  layout_falls_marsh, ebering_ghost_reflecting_pool,
          nicolae_swamp_trees_clearing, nicolae_swamp_spriggan_camp
Swamp:2:  layout_basic_swamp, evilmike_swamp_ruin_house_2
Swamp:3:  layout_basic_swamp, evilmike_swamp_ruin_house_5, swamp_pool4,
          st_swamp_ruins_4, infiniplex_staircase_pool_2
Swamp:4:  swamp_pestilence, layout_basic_swamp
Snake:1:  layout_grid_shapes, serial_shops, nicolae_shop_trees,
          serial_bayou_pond_c
Snake:2:  layout_cave_shapes, basic_altar, serial_shops, shop_statue,
          minmay_shop_grove, grunt_megastairs_4, serial_bayou_shore_b
Snake:3:  layout_cave_shapes, uniq_aizul
Snake:4:  minmay_snake_end_coiled, layout_cave_town, st_stairs_1
Slime:1:  layout_caves
Slime:2:  layout_caves
Slime:3:  layout_caves
Slime:4:  layout_caves, uniq_dissolution
Slime:5
Orc:1:    layout_caves, lemuel_statue_altar
Orc:2:    st_orc_elflike, layout_caves, elf_legates, uniq_urug
Elf:1:    eino_elf_arrival_sip, layout_loops_cross, trove_entry_hex_spiral,
          minmay_elf_annihilation, feat_on_display
Elf:2:    layout_geoelf_diagonals, serial_shops, bzr_entry_safe, shop, shop,
          shop, nicolae_shop_statue_plus, ebering_ghost_disaster_area
Elf:3:    minmay_elf_hall_hex, layout_geoelf_grid, einodemon_crawler_minivault
Vaults:1: gammafunk_vaults_ghost_fury_of_okawaru, v_misc_16,
          nicolae_vaults_statue_guard, hangedman_vaults_stitches,
          vaults_room_semicircle, dpeg_vaults_monster_box,
          nicolae_vaults_asterisk, vaults_dpeg_hooks, layout_vaults_omnigrid
Vaults:2: gammafunk_vaults_ghost_tricky_traps, nicolae_vaults_big_angled_halls,
          hangedman_vaults_hat, nicolae_vaults_twisting_passages,
          v_alt_pattern_3, v_rooms_4, st_squares, vaults_mumra_minichess,
          ontoclasm_vaults_ring_large, v_misc_27, nicolae_vaults_sealed_display,
          ontoclasm_vaults_ligature, minmay_crypt_entry_simple_box,
          vaults_room_pools, vaults_dpeg_cross, layout_vaults_ring
Vaults:3: hangedman_vaults_snaps, vaults_mumra_minichess_inversion, v_misc_23,
          v_misc_9, hangedman_vaults_nails, hangedman_vaults_pinch, v_misc_17,
          nicolae_vaults_big_angled_halls, nicolae_vaults_network_s,
          layout_vaults_big_cross, basic_altar, serial_shops, shop,
          uniq_asterion
Vaults:4: ontoclasm_vaults_spin, v_misc_8, nicolae_vaults_border_crossing,
          hangedman_vaults_impose, hangedman_vaults_nodes,
          nicolae_vaults_back_hallway, nicolae_vaults_an_arrangement,
          nicolae_vaults_network_quincunx
          [nicolae_vaults_network_quincunx_subvault,
          nicolae_vaults_network_quincunx_subvault,
          nicolae_vaults_network_quincunx_subvault,
          nicolae_vaults_network_quincunx_subvault,
          nicolae_vaults_network_quincunx_subvault],
          nicolae_vaults_yaktaur_gun_rack, nicolae_vaults_little_squares_4,
          layout_vaults_maze_snakey
Depths:1: layout_cave_pools, lightli_too_deep, corexii_corridor_pit,
          st_stairs_13, chequers_serial_rivers_micro_d,
          kennysheep_generic_room_2
Depths:2: emtedronai_trogs_sanctum, layout_gridlike, hellmouth_1
Depths:3: hangedman_pleasuredromes, hell_entry, abyss_entry, pan_entry,
          uniq_bai_suzhen, uniq_saint_roka
Depths:4: cheibrodos_tormentor_scu, layout_basic, minmay_misc_feat_nine_boxes,
          abyss_entry, hell_entry, minmay_misc_feat_diagonals, minmay_shoptagon,
          minmay_staircase_windowed_small, serial_bayou_shore_b
Depths:5: evilmike_zot_entry_hall, layout_cave_shapes, enter_ziggurat_a,
          serial_shops, shop, shop, shop, shop, glass_columns_a, hellmouth_3
Zot:1:    layout_gridlike, st_stairs_13
Zot:2:    layout_misc_corridors
Zot:3:    layout_onion_interference, st_grand_hoard_of_tiamat
Zot:4:    layout_gridlike, grunt_megastairs_5, lemuel_elevator
Zot:5:    layout_misc_corridors

Skill      XL: |  1  2  3  4  5  6  7  8  9 10 11 12 13 14 15 16 17 18 19 20 21 22 23 24 25 26 27 |
---------------+----------------------------------------------------------------------------------+-----
Fighting       | 1 2 3 4 6 7 9 11 12 13 14 15 16 17 18 19 20 21 22 | 22.9
Maces & Flails | 1 2 3 5 7 9 11 13 14 15 16 | 16.0
Ice Magic      | 5 6 7 8 9 11 13 14 16 17 19 20 21 22 23 24 25 26 | 26.2
Armour         | 5 8 10 11 | 11.4
Dodging        | 4 7 8 9 |  9.1
Translocations | 2 3 |  3.0
Spellcasting   | 4 6 8 9 10 11 12 13 14 15 16 | 16.4
Shields        | 4 7 9 10 11 12 14 15 | 15.0
Stealth        | |  2.1

Action                   |  1- 3 |  4- 6 |  7- 9 | 10-12 | 13-15 | 16-18 | 19-21 | 22-24 | 25-27 || total
-------------------------+-------+-------+-------+-------+-------+-------+-------+-------+-------++-------
Melee: Club              |    43 |       |       |       |       |       |       |       |       ||    43
       Unarmed           |     1 |       |       |       |       |       |       |       |       ||     1
       Mace              |    36 |    96 |   102 |       |       |       |       |       |       ||   234
       Dire flail        |       |       |   112 |   345 |   731 |     9 |       |       |       ||  1197
       Scimitar          |       |       |       |     4 |       |       |       |       |       ||     4
       Whip              |       |       |       |       |     7 |     7 |       |       |       ||    14
       Staff             |       |       |       |       |     3 |     6 |     3 |       |     1 ||    13
       Morningstar       |       |       |       |       |       |   148 |   330 |    13 |       ||   491
       Demon whip        |       |       |       |       |       |       |       |     9 |    15 ||    24
 Cast: Freeze            |    12 |    21 |    43 |     1 |       |     1 |       |       |       ||    78
       Frozen Ramparts   |     3 |     9 |    20 |    79 |   127 |     4 |       |       |       ||   242
       Ozocubu's Armour  |       |     2 |    12 |    14 |    43 |    19 |    33 |     3 |     2 ||   128
       Ozocubu's Refrige |       |       |       |       |    45 |   495 |   478 |   447 |    81 ||  1546
       Blink             |       |       |       |       |       |       |    25 |       |       ||    25
       Apportation       |       |       |       |       |       |       |     2 |     6 |     2 ||    10
       Absolute Zero     |       |       |       |       |       |       |       |    71 |   125 ||   196
Invok: Call Merchant     |       |       |       |       |       |       |     2 |     1 |     4 ||     7
       Bribe Branch      |       |       |       |       |       |       |       |       |     3 ||     3
 Abil: Fly               |       |       |       |       |     1 |       |       |       |       ||     1
Evoke: Box of beasts     |       |       |       |     1 |     3 |       |     4 |     1 |     1 ||    10
       Wand              |       |       |       |     1 |     4 |       |     2 |     1 |     7 ||    15
       Lightning rod     |       |       |       |       |     1 |       |       |       |       ||     1
       Phantom mirror    |       |       |       |       |     1 |       |     5 |       |       ||     6
       Condenser vane    |       |       |       |       |       |       |     2 |     1 |       ||     3
  Use: Scroll            |       |       |    16 |     7 |    13 |    12 |    24 |    20 |    13 ||   105
       Potion            |       |       |     2 |     2 |     3 |       |     1 |       |     1 ||     9
 Stab: Sleeping          |     1 |     2 |     1 |     2 |     6 |       |       |       |       ||    12
       Distracted        |       |       |       |     1 |     2 |       |     2 |       |       ||     5
Armor: Robe              |    53 |    51 |    83 |       |   278 |   132 |   184 |    41 |    38 ||   860
       Ring mail         |       |       |    66 |   228 |   177 |       |       |       |       ||   471
       Leather armour    |       |       |       |       |       |       |       |       |    22 ||    22
Dodge: Dodged            |    80 |    91 |   167 |   629 |  1300 |   145 |   208 |    54 |    64 ||  2738
Block: Buckler           |       |       |       |       |       |    59 |   102 |    23 |    19 ||   203
       Reflection        |       |       |       |       |       |       |       |     6 |       ||     6
       Kite shield       |       |       |       |       |       |       |       |       |    15 ||    15
       Rpst.: Scimitar   |       |       |       |    26 |       |       |       |       |       ||    26
